 Dungeon Crawl Stone Soup version 0.23.2-33-g5129a83184 (webtiles) character file.

Game seed: 13553892793676877804

112 FishyPogo the Conjurer (level 4, -3/25 HPs)
             Began as a Deep Elf Conjurer on Aug 8, 2019.
             Slain by a gnoll
             ... wielding a cursed -2 club
              (6 damage)
             ... on level 2 of the Dungeon.
             The game lasted 00:06:45 (1495 turns).

FishyPogo the Conjurer (Deep Elf Conjurer)          Turns: 1495, Time: 00:06:45

Health: -3/25      AC:  6    Str:  5    XL:     4   Next: 63%
Magic:  0/12       EV: 14    Int: 21    God:
Gold:   79         SH:  0    Dex: 15    Spells: 7/11 levels left

rFire    . . .     SeeInvis .   a - +1 short sword
rCold    . . .     Gourm    .   (no shield)
rNeg     . . .     Faith    .   n - +2 robe {Archmagi}
rPois    .         Spirit   .   j - +0 helmet
rElec    .         Reflect  .   (no cloak)
rCorr    .         Harm     .   (no gloves)
MR       .....                  i - +0 pair of boots
Stlth    ++........             (no amulet)
HPRegen  0.08/turn              (no ring)
MPRegen  0.13/turn              (no ring)

@: no status effects
A: no striking features
a: no special abilities


You were on level 2 of the Dungeon.
You were not hungry.

You visited 1 branch of the dungeon, and saw 2 of its levels.

You collected 79 gold pieces.

Inventory:

Hand Weapons
 a - a +1 short sword (weapon)
Missiles
 k - 44 stones (quivered)
Armour
 g - a +0 robe
 i - a +0 pair of boots (worn)
 j - a +0 helmet (worn)
 n - a +2 robe of the Archmagi (worn)
Scrolls
 d - a scroll of fog {unknown}
 p - a scroll of amnesia {unknown}
 q - 2 scrolls of identify {unknown}
Potions
 b - a potion of haste {unknown}
 l - a potion of degeneration {unknown}
 m - 2 potions of curing {unknown}
 o - 2 potions of heal wounds {unknown}
Comestibles
 c - 5 rations
 f - 5 chunks of flesh


   Skills:
 * Level 1.0 Fighting
 + Level 3.9 Dodging
 - Level 3.0 Stealth
 + Level 4.0 Spellcasting
 + Level 5.1 Conjurations


You had 7 spell levels left.
You knew the following spells:

 Your Spells              Type           Power        Failure   Level  Hunger
a - Magic Dart            Conj           ####         1%          1    None
b - Dazzling Spray        Conj/Hex       ###...       13%         3    ###....

Your spell library contained the following spells:

 Spells                   Type           Power        Failure   Level  Hunger
 Searing Ray              Conj           #####.       2%          2    #......
 Iskenderun's Mystic Bla  Conj           #####...     14%         4    ####...
 Force Lance              Conj/Tloc      ###.....     38%         4    ####...
 Fulminant Prism          Conj/Hex       ###.......   38%         4    ####...


Dungeon Overview and Level Annotations

Branches:
Dungeon (2/15)

Altars:

Annotations:
D:2 Jessica


Message History

Aim: a gnoll, wielding a +0 spear (almost dead)
You feel a surge of power!
The magic dart hits the gnoll but does no damage.
The gnoll is almost dead.
Your surroundings suddenly seem different.
A gnoll comes into view. It is wielding a +0 spear.
The gnoll shouts!
A gnoll comes into view. It is wielding a +0 flail.
The gnoll shouts!
A goblin comes into view. It is wielding a +0 dagger.
The goblin shouts!
A gnoll comes into view. It is wielding a -2 club.
The gnoll hits you with a +0 flail!
* * * LOW HITPOINT WARNING * * *
The gnoll closely misses you. The goblin misses you.
As you read the scroll labeled XOANONAETWA, it crumbles to dust.
It is a scroll of enchant weapon.
Your +0 short sword glows red for a moment.
The gnoll hits you with a cursed -2 club.
You die...

#### #....#####
##### #...gg.##
#...# #.g@g.###
#...#
####.....####...#
##
##..........##..
###.#...<....
####........##
##.........###
#..#......##
#......##
#...รท..#


You could see 3 gnolls and a goblin.

Vanquished Creatures
  4 adders (D:2)
  2 oozes (D:1)
  2 worms (D:2)
  3 dart slugs (D:1)
  A leopard gecko (D:2)
  An orc (D:2)
  2 ball pythons
  A giant cockroach (D:2)
  5 goblins (D:1)
  7 hobgoblins
  8 jackals
  3 kobolds
  5 bats
  3 frilled lizards
  4 rats
51 creatures vanquished.

Notes
Turn   | Place    | Note
-------+----------+-------------------------------------------
     0 | D:1      | FishyPogo the Deep Elf Conjurer began the quest for the
                  | Orb.
     0 | D:1      | Reached XP level 1. HP: 10/10 MP: 6/6
   134 | D:1      | Reached XP level 2. HP: 15/15 MP: 2/8
   446 | D:1      | Reached XP level 3. HP: 19/19 MP: 4/9
  1010 | D:2      | Learned a level 3 spell: Dazzling Spray
  1109 | D:2      | Reached XP level 4. HP: 24/24 MP: 1/11
  1151 | D:2      | Noticed Jessica
  1165 | D:2      | Reached skill level 5 in Conjurations
  1474 | D:2      | Reached skill level 1 in Fighting
  1495 | D:2      | Slain by a gnoll

Skill      XL: |  1  2  3  4 |
---------------+-------------+-----
Stealth        | 3 |  3.0
Dodging        | 3 |  3.9
Conjurations   | 5 |  5.1
Fighting       | 1 |  1.0
Spellcasting   | 4 |  4.0

Action                   |  1- 3 |  4- 6 || total
-------------------------+-------+-------++-------
Melee: Short sword       |     3 |     5 ||     8
 Cast: Magic Dart        |    82 |    48 ||   130
  Use: Scroll            |       |     2 ||     2
  Eat: Chunk             |       |     2 ||     2
Armor: Robe              |     2 |     2 ||     4
Dodge: Dodged            |     3 |    15 ||    18
